TOP OF THE 1ST |
Stanford University Cardinal batting - Pitching for University of North Carolina at Chapel Hill Tar Heels : RHP François Leclerc
|
Pitching: RHP François Leclerc
|
|
Batting: LHB Carlos Palau
|
0-0: Ball 1-0: Ball 2-0: Called Strike 2-1: Foul Ball, location: 2F 2-2: Foul Ball, location: 2F 2-2: DOUBLE (Flyball, 8LXD, EV 99.4 MPH)
|
Batting: RHB Troy Morin
|
0-0: Called Strike 0-1: Foul Ball, location: 2F 0-2: Ball 1-2: Strikes out swinging
|
Batting: LHB Oscar Tamayo
|
0-0: Ground out U3 (Groundball, 13, EV 86.2 MPH) Carlos Palau to third
|
Batting: RHB Jorge Lagunas
|
0-0: Foul Ball, location: 2F 0-1: Ground out 5-3 (Groundball, 56, EV 86.2 MPH)
|
Top of the 1st over - 0 runs, 1 hit, 0 errors, 1 left on base; Stanford University 0 - University of North Carolina at Chapel Hill 0 |
BOTTOM OF THE 1ST |
University of North Carolina at Chapel Hill Tar Heels batting - Pitching for Stanford University Cardinal : LHP Ben Mills
|
Pitching: LHP Ben Mills
|
|
Batting: LHB Timotheus Young
|
0-0: Ground out 6-3 (Groundball, 6M, EV 107.5 MPH)
|
Batting: SHB Dan Strickland
|
0-0: Called Strike 0-1: Called Strike 0-2: Ball 1-2: Foul Ball, location: 2F 1-2: Ball 2-2: Ground out 6-3 (Groundball, 6, EV 84.4 MPH)
|
Batting: RHB Mo Tsang
|
0-0: Foul Ball, location: 2F 0-1: Called Strike 0-2: Foul Ball, location: 2F 0-2: Ball 1-2: Foul Ball, location: 2F 1-2: Ball 2-2: Ball 3-2: Foul Ball, location: 2F 3-2: Base on Balls
|
Batting: LHB Ramon Garduno
|
0-0: Ball 1-0: Called Strike 1-1: Called Strike 1-2: Foul Ball, location: 2F 1-2: Ball Wild Pitch! Mo Tsang to second 2-2: Foul Ball, location: 2F 2-2: Ball 3-2: Foul Ball, location: 2F 3-2: Foul Ball, location: 2F 3-2: SINGLE (Line Drive, 7S, EV 103.1 MPH) Mo Tsang to third Runner from 3rd tries for Home, SAFE, throw by LF to home
|
Batting: RHB Cesar Rendon
|
0-0: Ground out 4-3 (Groundball, 34, EV 88.1 MPH)
|
Bottom of the 1st over - 1 run, 1 hit, 0 errors, 1 left on base; Stanford University 0 - University of North Carolina at Chapel Hill 1 |
TOP OF THE 2ND |
Stanford University Cardinal batting - Pitching for University of North Carolina at Chapel Hill Tar Heels : RHP François Leclerc
|
Batting: RHB Joselito Santos
|
0-0: Ball 1-0: Called Strike 1-1: Ball 2-1: SINGLE (Flyball, 3D, EV 98.8 MPH) - OUT at second base trying to stretch hit.
|
Batting: RHB Amare Brown
|
0-0: Ball 1-0: Ball 2-0: Called Strike 2-1: Ball 3-1: Base on Balls
|
Batting: RHB Alejandro Gomez
|
0-0: Ball 1-0: Fly out, F8 (Line Drive, 8RD, EV 90.6 MPH)
|
Batting: RHB Antonio Honorato
|
0-0: Called Strike 0-1: Ball 1-1: Swinging Strike 1-2: Ball 2-2: Foul Ball, location: 2F 2-2: Foul Ball, location: 2F 2-2: Foul Ball, location: 2F 2-2: Ball 3-2: Strikes out looking
|
Top of the 2nd over - 0 runs, 1 hit, 0 errors, 1 left on base; Stanford University 0 - University of North Carolina at Chapel Hill 1 |
BOTTOM OF THE 2ND |
University of North Carolina at Chapel Hill Tar Heels batting - Pitching for Stanford University Cardinal : LHP Ben Mills
|
Batting: LHB Danny de Leon
|
0-0: Single, Error in OF, E7, batter to second base (Groundball, 6D, EV 100.0 MPH)
|
Batting: RHB Yasuoka Tsuda
|
0-0: Called Strike 0-1: Ball 1-1: Ball 2-1: Foul Ball, location: 2F 2-2: Ground out 4-3 (Groundball, 4, EV 85.6 MPH) Danny de Leon to third
|
Batting: RHB Akira Kubo
|
0-0: Ball 1-0: Called Strike 1-1: Ball 2-1: Swinging Strike 2-2: Ball 3-2: Fly out, F9 (Flyball, 89S, EV 83.1 MPH)
|
Batting: RHB Juan Casillas
|
0-0: Foul Ball, location: 2F 0-1: Ball 1-1: SINGLE (Groundball, 6MD, EV 91.2 MPH) (infield hit) Danny de Leon scores
|
Batting: LHB Timotheus Young
|
0-0: Called Strike 0-1: Ball 1-1: Ball 2-1: Ball 3-1: DOUBLE (Flyball, 89XD, EV 103.1 MPH) Juan Casillas to third Runner from 3rd tries for Home, SAFE, throw by CF to trailing runner, SAFE at third!
|
Batting: SHB Dan Strickland
|
0-0: Called Strike 0-1: Swinging Strike 0-2: Foul Ball, location: 2F 0-2: Ball 1-2: Strikes out looking
|
Bottom of the 2nd over - 2 runs, 3 hits, 1 error, 1 left on base; Stanford University 0 - University of North Carolina at Chapel Hill 3 |
TOP OF THE 3RD |
Stanford University Cardinal batting - Pitching for University of North Carolina at Chapel Hill Tar Heels : RHP François Leclerc
|
Batting: RHB Yok-sing Zhào
|
0-0: Swinging Strike 0-1: Fly out, F7 (Flyball, 7, EV 80.6 MPH)
|
Batting: LHB Carlos Palau
|
0-0: Ball 1-0: Ball 2-0: Ball 3-0: Called Strike 3-1: Base on Balls
|
Batting: RHB Troy Morin
|
0-0: Ball 1-0: Foul Ball, location: 2F 1-1: Grounds into double play, 6-4-3 (Groundball, 6, EV 103.8 MPH)
|
Top of the 3rd over - 0 runs, 0 hits, 0 errors, 0 left on base; Stanford University 0 - University of North Carolina at Chapel Hill 3 |
BOTTOM OF THE 3RD |
University of North Carolina at Chapel Hill Tar Heels batting - Pitching for Stanford University Cardinal : LHP Ben Mills
|
Batting: RHB Mo Tsang
|
0-0: Ball 1-0: Ground out 5-3 (Groundball, 5, EV 91.2 MPH)
|
Batting: LHB Ramon Garduno
|
0-0: Called Strike 0-1: Ball 1-1: Fly out, F8 (Flyball, 8LS, EV 77.5 MPH)
|
Batting: RHB Cesar Rendon
|
0-0: Ball 1-0: Ground out 6-3 (Groundball, 6, EV 86.9 MPH)
|
Bottom of the 3rd over - 0 runs, 0 hits, 0 errors, 0 left on base; Stanford University 0 - University of North Carolina at Chapel Hill 3 |
TOP OF THE 4TH |
Stanford University Cardinal batting - Pitching for University of North Carolina at Chapel Hill Tar Heels : RHP François Leclerc
|
Batting: LHB Oscar Tamayo
|
0-0: Called Strike 0-1: SINGLE (Flyball, 8RS, EV 85.6 MPH)
|
Batting: RHB Jorge Lagunas
|
0-0: Called Strike 0-1: Ball 1-1: Swinging Strike 1-2: Foul Ball, location: 2F 1-2: Foul Ball, location: 2F 1-2: Foul Ball, location: 2F 1-2: Foul Ball, location: 2F 1-2: Fly out, F3 (Popup, 3SF, EV 81.2 MPH)
|
Batting: RHB Joselito Santos
|
0-0: Called Strike 0-1: Swinging Strike 0-2: 2-RUN HOME RUN (Flyball, 7D, EV 96.2 MPH), Distance : 369 ft
|
Batting: RHB Amare Brown
|
0-0: Ball 1-0: Swinging Strike 1-1: Ball 2-1: Foul Ball, location: 2F 2-2: Ball 3-2: Base on Balls
|
Batting: RHB Alejandro Gomez
|
0-0: Ball 1-0: DOUBLE (Flyball, 8LXD, EV 107.5 MPH) Amare Brown to third
|
Batting: RHB Antonio Honorato
|
0-0: Called Strike 0-1: Ball 1-1: Ground out 5-3 (Groundball, 56S, EV 85.6 MPH) Amare Brown scores
|
Batting: RHB Yok-sing Zhào
|
0-0: Fly out, F8 (Flyball, 89M, EV 91.2 MPH)
|
Top of the 4th over - 3 runs, 3 hits, 0 errors, 1 left on base; Stanford University 3 - University of North Carolina at Chapel Hill 3 |
BOTTOM OF THE 4TH |
University of North Carolina at Chapel Hill Tar Heels batting - Pitching for Stanford University Cardinal : LHP Ben Mills
|
Batting: LHB Danny de Leon
|
0-0: Swinging Strike 0-1: Ball 1-1: Foul Ball, location: 2F 1-2: Fly out, F8 (Flyball, 8LD, EV 100.6 MPH)
|
Batting: RHB Yasuoka Tsuda
|
0-0: Foul Ball, location: 2F 0-1: Foul Ball, location: 2F 0-2: Ground out 5-3 (Groundball, 56, EV 78.8 MPH)
|
Batting: RHB Akira Kubo
|
0-0: Ball 1-0: Called Strike 1-1: Ground out 3-1 (Groundball, 34, EV 84.4 MPH)
|
Bottom of the 4th over - 0 runs, 0 hits, 0 errors, 0 left on base; Stanford University 3 - University of North Carolina at Chapel Hill 3 |
TOP OF THE 5TH |
Stanford University Cardinal batting - Pitching for University of North Carolina at Chapel Hill Tar Heels : RHP François Leclerc
|
Batting: LHB Carlos Palau
|
0-0: Foul Ball, location: 2F 0-1: Swinging Strike 0-2: Hit by Pitch
|
Batting: RHB Troy Morin
|
0-0: Sac Bunt to 25 - play at first, batter OUT! 5-4 Carlos Palau to second
|
Batting: LHB Oscar Tamayo
|
0-0: Ball 1-0: Foul Ball, location: 2F 1-1: Fly out, F8 (Flyball, 78XD, EV 89.4 MPH) Runner from 2nd tags up, SAFE at 3rd, no throw by CF
|
Pitching: LHP Matt DeGrado
|
|
Batting: RHB Jorge Lagunas
|
0-0: Ball 1-0: Ball 2-0: Called Strike 2-1: Called Strike 2-2: Foul Ball, location: 2F 2-2: Ground out 5-3 (Groundball, 56S, EV 68.1 MPH)
|
Top of the 5th over - 0 runs, 0 hits, 0 errors, 1 left on base; Stanford University 3 - University of North Carolina at Chapel Hill 3 |
BOTTOM OF THE 5TH |
University of North Carolina at Chapel Hill Tar Heels batting - Pitching for Stanford University Cardinal : LHP Ben Mills
|
Batting: RHB Juan Casillas
|
0-0: Ball 1-0: DOUBLE (Line Drive, 7LM, EV 114.4 MPH)
|
Batting: LHB Timotheus Young
|
0-0: Ground out 5-3 (Groundball, 56, EV 87.5 MPH)
|
Batting: SHB Dan Strickland
|
0-0: SINGLE (Groundball, 6MD, EV 101.2 MPH) Juan Casillas to third Runner from 3rd tries for Home, SAFE, throw by CF to home
|
Batting: RHB Mo Tsang
|
0-0: Fly out, F4 (Flyball, 34D, EV 91.2 MPH)
|
Batting: LHB Ramon Garduno
|
0-0: Foul Ball, location: 2F 0-1: Called Strike 0-2: Ball 1-2: Foul Ball, location: 2F 1-2: Fly out, F4 (Flyball, 34D, EV 88.1 MPH)
|
Bottom of the 5th over - 1 run, 2 hits, 0 errors, 1 left on base; Stanford University 3 - University of North Carolina at Chapel Hill 4 |
TOP OF THE 6TH |
Stanford University Cardinal batting - Pitching for University of North Carolina at Chapel Hill Tar Heels : LHP Matt DeGrado
|
Batting: RHB Joselito Santos
|
0-0: Called Strike 0-1: Called Strike 0-2: Strikes out swinging
|
Batting: RHB Amare Brown
|
0-0: Called Strike 0-1: Ball 1-1: Ball 2-1: Called Strike 2-2: Foul Ball, location: 2F 2-2: Foul Ball, location: 2F 2-2: Ball 3-2: Base on Balls
|
Batting: RHB Alejandro Gomez
|
0-0: Ball 1-0: Foul Ball, location: 2F 1-1: Swinging Strike 1-2: Strikes out swinging
|
Pitching: LHP Jose Herrera
|
|
Batting: RHB Antonio Honorato
|
0-0: Ground out U3 (Groundball, 34S, EV 78.1 MPH)
|
Top of the 6th over - 0 runs, 0 hits, 0 errors, 1 left on base; Stanford University 3 - University of North Carolina at Chapel Hill 4 |
BOTTOM OF THE 6TH |
University of North Carolina at Chapel Hill Tar Heels batting - Pitching for Stanford University Cardinal : LHP Ben Mills
|
Pitching: RHP Josh Loney
|
|
Batting: RHB Cesar Rendon
|
0-0: Called Strike 0-1: Foul Ball, location: 2F 0-2: Strikes out looking
|
Batting: LHB Danny de Leon
|
0-0: Ball 1-0: Called Strike 1-1: Foul Ball, location: 2F 1-2: Strikes out swinging
|
Batting: RHB Yasuoka Tsuda
|
0-0: Ground out 4-3 (Groundball, 4, EV 83.8 MPH)
|
Bottom of the 6th over - 0 runs, 0 hits, 0 errors, 0 left on base; Stanford University 3 - University of North Carolina at Chapel Hill 4 |
TOP OF THE 7TH |
Stanford University Cardinal batting - Pitching for University of North Carolina at Chapel Hill Tar Heels : LHP Jose Herrera
|
Batting: RHB Yok-sing Zhào
|
0-0: Foul Ball, location: 2F 0-1: Foul Ball, location: 2F 0-2: Strikes out looking
|
Batting: LHB Carlos Palau
|
0-0: Called Strike 0-1: Foul Ball, location: 2F 0-2: Ball 1-2: Ball 2-2: Ground out U3 (Groundball, 34, EV 108.1 MPH)
|
Batting: RHB Troy Morin
|
0-0: Called Strike 0-1: SINGLE (Line Drive, 8RS, EV 106.9 MPH)
|
Batting: LHB Oscar Tamayo
|
0-0: Ball 1-0: SINGLE (Groundball, 25, EV 67.5 MPH) (infield hit) Troy Morin to second
|
Batting: RHB Jorge Lagunas
|
0-0: Called Strike 0-1: Ball 1-1: Called Strike 1-2: Strikes out swinging
|
Top of the 7th over - 0 runs, 2 hits, 0 errors, 2 left on base; Stanford University 3 - University of North Carolina at Chapel Hill 4 |
BOTTOM OF THE 7TH |
University of North Carolina at Chapel Hill Tar Heels batting - Pitching for Stanford University Cardinal : RHP Josh Loney
|
Batting: RHB Akira Kubo
|
0-0: Ground out 6-3 (Groundball, 6, EV 105.6 MPH)
|
Batting: RHB Juan Casillas
|
0-0: Ball 1-0: Swinging Strike 1-1: SINGLE (Groundball, 6, EV 96.9 MPH)
|
Batting: LHB Timotheus Young
|
0-0: Ball 1-0: Foul Ball, location: 2F 1-1: Ball 2-1: Ball 3-1: Swinging Strike 3-2: Foul Ball, location: 2F 3-2: Foul Ball, location: 2F 3-2: Foul Ball, location: 2F 3-2: Strikes out swinging
|
Batting: SHB Dan Strickland
|
0-0: Ball 1-0: Ball 2-0: Swinging Strike 2-1: Ball 3-1: Base on Balls Juan Casillas to second
|
Batting: RHB Mo Tsang
|
0-0: Called Strike 0-1: Called Strike 0-2: Ball 1-2: Foul Ball, location: 2F 1-2: SINGLE (Groundball, 56D, EV 96.9 MPH) Juan Casillas to third Dan Strickland to second Runner from 3rd tries for Home, SAFE, throw by LF to home
|
Batting: LHB Ramon Garduno
|
0-0: Ball 1-0: Called Strike 1-1: Foul Ball, location: 2F 1-2: Strikes out swinging
|
Bottom of the 7th over - 1 run, 2 hits, 0 errors, 2 left on base; Stanford University 3 - University of North Carolina at Chapel Hill 5 |
TOP OF THE 8TH |
Stanford University Cardinal batting - Pitching for University of North Carolina at Chapel Hill Tar Heels : LHP Jose Herrera
|
Batting: RHB Joselito Santos
|
0-0: SINGLE (Line Drive, 9S, EV 105.0 MPH)
|
Batting: RHB Amare Brown
|
0-0: Swinging Strike 0-1: Foul Ball, location: 2F 0-2: Ball 1-2: Ball 2-2: Fly out, F8 (Line Drive, 8RD, EV 98.1 MPH)
|
Batting: RHB Alejandro Gomez
|
0-0: Fly out, F8 (Flyball, 78D, EV 93.1 MPH)
|
Pinch Hitting: SHB Rich Hood
|
0-0: Ball 1-0: Ball 2-0: Called Strike 2-1: Ball 3-1: Foul Ball, location: 2F 3-2: Strikes out swinging
|
Top of the 8th over - 0 runs, 1 hit, 0 errors, 1 left on base; Stanford University 3 - University of North Carolina at Chapel Hill 5 |
BOTTOM OF THE 8TH |
University of North Carolina at Chapel Hill Tar Heels batting - Pitching for Stanford University Cardinal : RHP Josh Loney
|
Pitching: RHP Victor Gonzalez
|
|
Now at SS: Eddie Luna
|
|
Batting: RHB Cesar Rendon
|
0-0: Called Strike 0-1: Swinging Strike 0-2: Ball 1-2: Strikes out swinging
|
Batting: LHB Danny de Leon
|
0-0: Ball 1-0: Ball 2-0: Called Strike 2-1: Called Strike 2-2: Ball 3-2: Base on Balls
|
Batting: RHB Yasuoka Tsuda
|
0-0: Foul Ball, location: 2F 0-1: Ball 1-1: Ball 2-1: Fielders Choice at 2nd, 4-6 (Groundball, 4, EV 91.9 MPH)
|
Batting: RHB Akira Kubo
|
0-0: Fly out, F4 (Popup, 34, EV 76.9 MPH)
|
Bottom of the 8th over - 0 runs, 0 hits, 0 errors, 1 left on base; Stanford University 3 - University of North Carolina at Chapel Hill 5 |
TOP OF THE 9TH |
Stanford University Cardinal batting - Pitching for University of North Carolina at Chapel Hill Tar Heels : LHP Jose Herrera
|
Pitching: LHP Sam Davis
|
|
Now in LF: Bill Rhodes
|
|
Pinch Hitting: RHB Tim Dower
|
0-0: Called Strike 0-1: Foul Ball, location: 2F 0-2: Strikes out swinging
|
Batting: LHB Carlos Palau
|
0-0: Called Strike 0-1: Foul Ball, location: 2F 0-2: Ball 1-2: Ball 2-2: Ground out 5-3 (Groundball, 56, EV 108.8 MPH)
|
Batting: RHB Troy Morin
|
0-0: Ball 1-0: Swinging Strike 1-1: Ball 2-1: Swinging Strike 2-2: Ball 3-2: Foul Ball, location: 2F 3-2: Strikes out swinging
|
Top of the 9th over - 0 runs, 0 hits, 0 errors, 0 left on base; Stanford University 3 - University of North Carolina at Chapel Hill 5 |
|